 Dungeon Crawl Stone Soup version 0.30-a0-738-g116ff8c4af (webtiles) character file.

Game seed: 719647573603613836

207 FlurksSlurper the Slasher (level 5, 0/39 HPs)
             Began as a Demonspawn Gladiator on Feb 3, 2023.
             Killed by divine providence
             ... invoked by an orc priest
              (14 damage)
             ... on level 3 of the Dungeon.
             The game lasted 00:05:22 (2098 turns).

FlurksSlurper the Slasher (Demonspawn Gladiator)    Turns: 2098, Time: 00:05:22

Health: 0/39       AC: 11    Str: 15 (17) XL:     5   Next: 54%
Magic:  5/5        EV:  7    Int:  7 (9)  God:
Gold:   140        SH:  4    Dex: 12 (14) Spells: 4/4 levels left

rFire   . . .      SeeInvis .    a - +0 long sword
rCold   . . .      Faith    .    (no shield)
rNeg    . . .      Spirit   .    p - +0 chain mail
rPois   .          Reflect  .    c - +0 helmet
rElec   .          Harm     .    g - +0 cloak
rCorr   .          Rampage  .    (no gloves)
Will    .....                    (no boots) Stlth
                                 (no amulet)
HPRegen 0.26/turn                (no ring)
MPRegen 0.18/turn                (no ring)

@: mighty
A: magic regeneration, sharp scales 1, condensation shield
a: no special abilities


You were on level 3 of the Dungeon.
You visited 1 branch of the dungeon, and saw 3 of its levels.

You collected 140 gold pieces.

Inventory:

Hand Weapons
 a - a +0 long sword (weapon)
Missiles
 d - 3 throwing nets (quivered)
 e - a javelin
Armour
 c - a +0 helmet (worn)
 g - a +0 cloak (worn)
 p - a +0 chain mail (worn)
Wands
 q - a wand of flame (13)
Scrolls
 b - a scroll of silence {unknown}
 i - a scroll of identify {unknown}
 j - 4 scrolls of amnesia {unknown}
 l - a scroll of teleportation {unknown}
 n - 2 scrolls of fog {unknown}
Potions
 f - a potion of might
 h - a potion of brilliance {unknown}
 k - a potion of mutation {unknown}
 m - a potion of degeneration
 o - a potion of attraction {unknown}


   Skills:
 + Level 2.6 Fighting
 + Level 4.5 Long Blades
 + Level 1.8 Throwing
 + Level 2.0 Armour
 + Level 3.2 Dodging


You had 4 spell levels left.
You didn't know any spells.
Your spell library was empty.

Dungeon Overview and Level Annotations

Branches:
Dungeon (3/15)

Altars:

Annotations:
D:3 Robin


Innate Abilities, Weirdness & Mutations

You regenerate magic rapidly.
You are partially covered in razor-sharp scales. (AC +1, Slay +1)
A meltable shield of frost defends you. (SH +4)


Message History

An orc priest comes into view. It is wielding a +0 flail.
Aiming: Throw Flame
Press: ? - help, Shift-Dir - straight line, f/p - orc wizard
Aim: an orc wizard, wielding a +0 dagger and wearing a +0 robe (60% to hit)
The puff of flame hits the orc wizard.
The orc wizard is lightly wounded.
An orc comes into view. It is wielding a +0 war axe.
An orc comes into view. It is wielding a +0 club.
Aiming: Throw Flame
Press: ? - help, Shift-Dir - straight line, f/p - orc wizard
Aim: an orc wizard, wielding a +0 dagger and wearing a +0 robe (lightly wounded, 60% to hit)
The puff of flame hits the orc wizard.
The orc wizard is moderately wounded.
Aiming: Throw Flame
Press: ? - help, Shift-Dir - straight line, f/p - orc wizard
Aim: an orc wizard, wielding a +0 dagger and wearing a +0 robe (moderately wounded, 60% to hit)
The puff of flame misses the orc wizard.
The puff of flame hits the orc priest.
The orc priest is heavily wounded.
The orc wizard attacks as you move away!
The orc wizard hits you but does no damage.
You hit the orc wizard but do no damage.
The orc wizard is moderately wounded.
The orc priest invokes the aid of Beogh against you.
Beogh smites you!
The orc wizard hits you with a +0 dagger.
You slash the orc wizard!
The orc wizard is almost dead.
The orc priest calls upon Beogh to heal the orc wizard.
The orc wizard is healed somewhat.
The orc wizard barely misses you.
It was a potion of might.
You feel very mighty all of a sudden.
The orc priest invokes the aid of Beogh against you.
Beogh smites you! The orc wizard barely misses you.
It was a potion of degeneration.
There was something very wrong with that liquid.
You feel weakened.
You feel dopey.
You feel clumsy.
The orc priest invokes the aid of Beogh against you.
Beogh smites you!
You die...

##........###..##.##..........
#..........# .# .###.........
#..........### ##.###.#.....#.
#............# ..............#
#............##.......
#..........#..#....g
##........##....!.
##.......###.#.###.##
#######...)@o$......
#######.#.#.## .o. ..o..
....... ##.o... #.... ....


You could see an orc priest, an orc wizard, an orc and a hobgoblin (wandering).

Vanquished Creatures
  Jessica (D:2)
  Terence (D:3)
  Natasha (thrice) (D:3)
  2 adders (D:2)
  A dart slug (D:1)
  An orc (D:3)
  8 ball pythons
  7 bats
  2 endoplasms
  3 giant cockroaches (D:2)
  12 goblins
  8 hobgoblins
  4 quokkas
  2 frilled lizards (D:1)
  A kobold (D:2)
  6 rats
62 creatures vanquished.

Notes
Turn   | Place    | Note
-------+----------+-------------------------------------------
     0 | D:1      | FlurksSlurper the Demonspawn Gladiator began the quest for
                  | the Orb.
     0 | D:1      | Reached XP level 1. HP: 16/16 MP: 1/1
   152 | D:1      | Gained mutation: You are partially covered in razor-sharp
                  | scales. (AC +1, Slay +1) [demonic ancestry]
   152 | D:1      | Reached XP level 2. HP: 22/22 MP: 2/2
   179 | D:1      | Reached skill level 3 in Long Blades
   621 | D:1      | Reached XP level 3. HP: 27/27 MP: 3/3
   781 | D:2      | Noticed Jessica
   797 | D:2      | Killed Jessica
   874 | D:2      | Reached skill level 1 in Armour
  1164 | D:2      | Gained mutation: You regenerate magic rapidly. [demonic
                  | ancestry]
  1164 | D:2      | Reached XP level 4. HP: 34/34 MP: 4/4
  1614 | D:3      | Noticed Terence
  1620 | D:3      | Killed Terence
  1684 | D:3      | Noticed Robin
  1937 | D:3      | Noticed Natasha
  1952 | D:3      | Killed Natasha
  1952 | D:3      | Noticed Natasha
  1953 | D:3      | Reached skill level 4 in Long Blades
  1953 | D:3      | Gained mutation: A meltable shield of frost defends you.
                  | (SH +4) [demonic ancestry]
  1953 | D:3      | Reached XP level 5. HP: 31/39 MP: 5/5
  1955 | D:3      | Killed Natasha
  2048 | D:3      | Noticed Natasha
  2057 | D:3      | Killed Natasha
  2098 | D:3      | Killed from afar by an orc priest

Illustrated notes

Levels and vault maps discovered:
D:1:      dpeg_arrival_snail, layout_loops_ring, supply_closet_lemuel
D:2:      minmay_wonky_spiral, layout_basic, uniq_jessica
D:3:      layout_rooms, uniq_natasha, uniq_terence, uniq_crazy_yiuf_cottage,
          uniq_robin

Skill      XL: |  1  2  3  4 |
---------------+-------------+-----
Long Blades    | 3 4 |  4.5
Dodging        | 3 |  3.2
Armour         | 1 2 |  2.0
Fighting       | |  2.6
Throwing       | |  1.8

Action                     |  1- 3 |  4- 6 || total
---------------------------+-------+-------++-------
  Melee: Long sword        |    86 |    89 ||   175
         Punch             |     1 |     2 ||     3
  Evoke: Wand              |       |    12 ||    12
    Use: Potion            |       |     3 ||     3
 Armour: Leather armour    |    13 |       ||    13
         Scale mail        |     9 |       ||     9
         Chain mail        |    10 |    93 ||   103
  Dodge: Dodged            |    51 |    66 ||   117
  Block: Other             |       |     3 ||     3

Table legend: (Time is in decaauts)
 A = Elapsed time spent in this place.
 B = Non-inter-level travel time spent in this place.
 C = Inter-level travel time spent in this place.
 D = Time resting spent in this place.
 E = Time spent auto-exploring this place.
 F = Levels seen in this place.
 G = Mean time per level.
                   A        B        C        D        E       F      G
               +--------+--------+--------+--------+--------+-----+--------+
         Total |   2143 |   2083 |     60 |    149 |   1338 |   3 |  714.3 |
       Dungeon |   2143 |   2083 |     60 |    149 |   1338 |   3 |  714.3 |
               +--------+--------+--------+--------+--------+-----+--------+

Top non-repeatable levels by time:
     D:2: 1084 daAuts
     D:1: 702 daAuts
     D:3: 357 daAuts
